cohdb
Replays
Latest Replays
All Replays
Popular Replays
Top Player Replays
Match Explorer
How It Works
Community
CoH3 Stats
Reddit
Sign in to upload your games and track your stats! →
Sign in with Steam
Match 44733159
Unlisted
Match 44733159
Overview
Messages
Build Orders
End
Panzergrenadier Squad
Selects Battlefield Espionage Battlegroup
Panzergrenadier Squad
Panzergrenadier Squad
Construct Light Support Kompanie
Fire Support Elements
Flakvierling Half-track
2.5-tonne Medical Truck
Selects Intel Disruption Beacon
Pak 38 Anti-tank Gun Team
Construct Panzerarmee Kommand
Plaka
Begbie
Gwangju's Hero Chun Doo-gwang
BlackJackKing
0
0
Comments
sign in to comment!
No comments posted yet!